 Dungeon Crawl Stone Soup version 0.25-a0-942-g87a53962fc (webtiles) character file.

Game seed: 13613761344724580565, levelgen mode: classic

13274 Gwenloh the Cleaver (level 12, 0/106 HPs)
             Began as a Hill Orc Fighter on July 12, 2019.
             Was an Elder of Zin.
             Splashed by an oklob plant's acid (17 damage)
             ... on level 2 of the Lair of Beasts on May 7, 2020.
             The game lasted 01:09:22 (13891 turns).

Gwenloh the Cleaver (Hill Orc Fighter)             Turns: 13891, Time: 01:09:24

Health: 0/106      AC: 15    Str: 23    XL:     12   Next: 4%
Magic:  19/19      EV:  6    Int: 11    God:    Zin [****..]
Gold:   497        SH: 13    Dex: 17    Spells: 11/11 levels left

rFire    + + .     SeeInvis .   a - +8 broad axe of Courage {venom, +Rage rF++}
rCold    + . .     Gourm    +   E - +1 kite shield
rNeg     + . .     Faith    .   v - +1 plate armour
rPois    ∞         Spirit   .   (no helmet)
rElec    .         Reflect  .   (no cloak)
rCorr    .         Harm     .   J - +0 pair of gloves
MR       .....                  w - +1 pair of boots
Stlth    ..........             u - amulet of the gourmand
HPRegen  0.27/turn              m - ring of positive energy
MPRegen  0.16/turn              n - ring of protection from cold

@: vitalised, corroded
A: no striking features
a: Recite, Vitalisation, Imprison, Donate Gold, Renounce Religion, Evoke Berserk
Rage


You were on level 2 of the Lair of Beasts.
You worshipped Zin.
Zin was greatly pleased with you.
You were completely stuffed.

You visited 2 branches of the dungeon, and saw 14 of its levels.
You also visited: Ossuary.

You collected 645 gold pieces.
You spent 84 gold pieces at shops.
You donated 64 gold pieces to Zin.

Inventory:

Hand Weapons
 a - the +8 broad axe of Courage (weapon) {venom, +Rage rF++}
   (You acquired it on level 1 of the Lair of Beasts)

   It poisons the flesh of those it strikes.
   It greatly protects you from fire.
   It lets you go berserk.
 b - the +0 hunting sling of Contradiction {freeze, MR+ Int+3}
   (You found it on level 5 of the Dungeon)

   It causes projectiles fired from it to freeze those they strike, causing
   extra injury to most foes and up to half again as much damage against
   particularly susceptible opponents.
   They can also slow down cold-blooded creatures.
   It affects your intelligence (+3).
   It affects your resistance to hostile enchantments.
 N - the +9 trident of Tumult {flame, +Fly}
   (You found it on level 7 of the Dungeon)

   It has been specially enchanted to burn those struck by it, causing extra
   injury to most foes and up to half again as much damage against particularly
   susceptible opponents.
   It lets you fly.
Missiles
 j - 67 sling bullets
 k - a throwing net
 l - 51 poisoned darts
 r - 16 boomerangs (quivered)
 x - 238 stones
 V - 5 silver javelins
Armour
 v - a +1 plate armour (worn)
 w - a +1 pair of boots (worn)
 E - a +1 kite shield (worn)
 J - a +0 pair of gloves (worn)
Jewellery
 m - a ring of positive energy (left hand)
 n - a ring of protection from cold (right hand)
 q - an uncursed ring of flight
 u - an amulet of the gourmand (around neck)
 F - an uncursed ring of protection from cold
 G - an uncursed ring of magical power
Wands
 B - a wand of flame (44)
Scrolls
 e - 3 scrolls of magic mapping
 g - a scroll of fear
 h - a scroll of holy word {unknown}
 o - 2 scrolls of blinking
 p - a scroll of summoning {unknown}
 y - 2 scrolls of amnesia
 z - 3 scrolls of fog
 C - 9 scrolls of teleportation
 D - 2 scrolls of immolation
 K - 2 scrolls of remove curse
 M - 2 scrolls of silence
 T - a scroll of enchant weapon
Potions
 c - 2 potions of stabbing
 d - 2 potions of might
 i - 2 potions of berserk rage
 s - 2 potions of haste
 H - 2 potions of degeneration {unknown}
 I - a potion of invisibility {unknown}
 L - 3 potions of heal wounds
 O - 2 potions of curing {unknown}
 P - a potion of resistance {unknown}
 Q - a potion of flight {unknown}
Miscellaneous
 t - a lightning rod (4/4)
Comestibles
 f - 28 rations
 A - 6 chunks of flesh


   Skills:
 + Level 10.2 Fighting
 + Level 10.6 Axes
 + Level 9.4 Armour
 + Level 9.9 Shields
 + Level 9.5 Invocations
 + Level 6.9 Evocations


You had 11 spell levels left.
You didn't know any spells.
Your spell library contained the following spells:

 Spells                   Type           Power        Failure   Level  Hunger
 Magic Dart               Conj           #...         100%        1    ##.....
 Blink                    Tloc           N/A          100%        2    ###....
 Call Imp                 Summ           #.......     100%        2    ###....
 Slow                     Hex            #.......     100%        2    ###....
 Confusing Touch          Hex            #.......     100%        3    ####...
 Conjure Flame            Conj/Fire      #.......     100%        3    ####...
 Gell's Gravitas          Tloc           #.........   100%        3    ####...
 Mephitic Cloud           Conj/Pois/Air  #.......     100%        3    ####...
 Petrify                  Tmut/Erth      #.......     100%        4    #####..
 Bolt of Magma            Conj/Fire/Erth #.........   100%        5    ######.
 Iskenderun's Battlesphe  Conj/Chrm      #.......     100%        5    ######.
 Metabolic Englaciation   Hex/Ice        #.........   100%        5    ######.
 Yara's Violent Unravell  Hex/Tmut       #.........   100%        5    ######.
 Iron Shot                Conj/Erth      #.........   100%        6    #######
 Orb of Destruction       Conj           #.........   100%        7    #######
 Spellforged Servitor     Conj/Summ      #.........   100%        7    #######


Dungeon Overview and Level Annotations

Branches:
Dungeon (12/15)            Temple (0/1) D:4            Lair (2/6) D:10
    Orc (0/2) D:10        Ossuary (visited)
  Swamp: Lair:2-4    Shoals: Lair:2-4     Snake: Lair:2-4    Spider: Lair:2-4

Altars:
Elyvilon
Hepliaklqana
Makhleb
Qazlal
Ru
Vehumet
Xom
Zin
The Shining One

Shops:
D:7 ?

Annotations:
Lair:2 exclusion: oklob plant


Message History

You slice the bush!!
The bush is heavily damaged.
You hit the bush but do no damage. You slash the bush!
The bush is poisoned.
You slash the bush!
The bush is poisoned.
The bush is heavily damaged.
You hit the bush. x2
You slash the bush!
The bush looks as sick as possible!
The bush is severely damaged.
You hit the bush. You hit the bush but do no damage.
The oklob plant spits acid at you. The splash of acid hits you!
You are splashed with acid!
* * * LOW HITPOINT WARNING * * *
You slice the bush!!
The bush is almost destroyed.
You hit the bush. You slash the bush! The oklob plant spits acid at you.
The splash of acid hits you!
* * * LOW HITPOINT WARNING * * *
You are splashed with acid!
You die...

##.. ## #..P. ##.# ##
##P.... #.#.##
#.##.......
#....####.........#
.!..#..#..........
PPP...# #........#
PPP@..# #.<.......
..PPP...###.........
#........÷..#.####.#.
........#.#####
........####
........# .........
........# .......


You could see an oklob plant.

Vanquished Creatures
  An unseen horror (D:10)
  A cyclops (D:11)
  Maurice (D:12)
  3 komodo dragons
  A queen bee (D:11)
  Prince Ribbit (D:9)
  3 blink frogs (Lair:2)
  2 hippogriffs (Lair:1)
  A shadow (D:12)
  A wyvern (Lair:1)
  2 basilisks
  10 yaks
  2 steam dragons (D:8)
  2 hungry ghosts
  3 water moccasins (Lair:1)
  3 orc warriors
  4 porcupines (Lair:1)
  5 ice beasts
  A necrophage (D:6)
  A phantom (D:3)
  2 sky beasts
  4 ogres
  10 centaurs
  2 crocodiles (Lair:1)
  2 big kobolds (D:4)
  10 bullfrogs
  2 scorpions
  26 killer bees
  8 wights
  6 howler monkeys
  A bullfrog zombie (D:10)
  2 centaur zombies
  3 crimson imps
  2 quasits (D:10)
  7 hounds
  3 jellies
  2 centaur skeletons
  7 orc priests
  An iguana (D:10)
  12 orc wizards
  5 worker ants
  A killer bee zombie (D:9)
  12 mummies (Ossuary)
  A worker ant zombie (D:9)
  A howler monkey skeleton (D:4)
  9 gnolls
  9 adders
  4 shadow imps
  An ooze (D:1)
  An adder zombie (D:8)
  An adder skeleton (D:8)
  5 worms
  A dart slug (D:4)
  6 leopard geckos
  56 orcs
  13 bats
  9 giant cockroaches
  10 goblins
  12 hobgoblins
  22 jackals
  4 quokkas
  6 frilled lizards
  2 gnoll skeletons (Ossuary)
  3 goblin skeletons (Ossuary)
  8 kobolds
  3 orc skeletons (Ossuary)
  A quokka zombie (D:8)
  3 rats
  11 rat skeletons (Ossuary)
  A plant (D:10)
381 creatures vanquished.

Vanquished Creatures (others)
  A centaur (D:12)
1 creature vanquished.

Grand Total: 382 creatures vanquished

Notes
Turn   | Place    | Note
-------+----------+-------------------------------------------
     0 | D:1      | Gwenloh the Hill Orc Fighter began the quest for the Orb.
     0 | D:1      | Reached XP level 1. HP: 19/19 MP: 1/1
   238 | D:1      | Reached XP level 2. HP: 25/27 MP: 2/2
   681 | D:1      | Reached XP level 3. HP: 33/33 MP: 3/3
  1296 | D:2      | Reached XP level 4. HP: 29/40 MP: 4/4
  1745 | D:2      | Found a faded altar of an unknown god.
  2159 | D:3      | Found a glowing silver altar of Zin.
  2159 | D:3      | Found a glowing golden altar of the Shining One.
  2160 | D:3      | Found a white marble altar of Elyvilon.
  2181 | D:3      | Reached XP level 5. HP: 43/47 MP: 5/5
  2213 | D:3      | Became a worshipper of Zin the Law-Giver
  2213 | D:3      | Reached * piety under Zin
  2430 | D:3      | Found a hazy altar of Hepliaklqana.
  2430 | D:3      | Found a stormy altar of Qazlal.
  2477 | D:3      | Noticed an ogre
  2486 | D:3      | Killed an ogre
  2486 | D:3      | Reached skill level 5 in Shields
  2627 | D:3      | Reached XP level 6. HP: 19/53 MP: 6/6
  2911 | D:3      | Noticed a phantom
  2957 | D:3      | Killed a phantom
  2957 | D:3      | Reached skill level 5 in Fighting
  3577 | D:4      | Upgraded the game from 0.24-a0-493-g7e4ddcd485 to
                  | 0.25-a0-942-g87a53962fc
  3655 | D:4      | Reached skill level 1 in Invocations
  3655 | D:4      | Reached XP level 7. HP: 45/61 MP: 7/7
  3661 | D:4      | Found a staircase to the Ecumenical Temple.
  3680 | D:4      | Reached skill level 5 in Axes
  3854 | D:4      | Reached skill level 5 in Armour
  4663 | D:4      | Found a radiant altar of Vehumet.
  4664 | D:4      | Found a burning altar of Makhleb.
  4667 | D:4      | Reached XP level 8. HP: 70/70 MP: 10/10
  4989 | D:4      | Reached ** piety under Zin
  5027 | D:5      | Entered Level 5 of the Dungeon
  5496 | D:5      | Reached skill level 1 in Evocations
  5565 | D:5      | Got a steaming hunting sling
  5566 | D:5      | Identified the cursed +0 hunting sling of Contradiction
                  | {freeze, MR+ Int+3} (You found it on level 5 of the
                  | Dungeon)
  6573 | D:6      | Reached XP level 9. HP: 30/78 MP: 12/12
  7172 | D:6      | Reached skill level 5 in Invocations
  7906 | D:7      | Found Duwakk's Magic Scroll Shoppe.
  7919 | D:7      | Bought a scroll of identify for 24 gold pieces
  7919 | D:7      | Bought a scroll of identify for 24 gold pieces
  7919 | D:7      | Bought a scroll of remove curse for 36 gold pieces
  7924 | D:7      | Found a sand-covered staircase.
  7965 | Ossuary  | Entered an ossuary
  8144 | Ossuary  | Reached *** piety under Zin
  8914 | D:7      | Got a crude trident
  8921 | D:7      | Identified the +9 trident of Tumult {flame, +Fly} (You
                  | found it on level 7 of the Dungeon)
  9116 | D:7      | Found a sacrificial altar of Ru.
  9116 | D:7      | Found a shimmering altar of Xom.
  9299 | D:8      | Reached XP level 10. HP: 76/88 MP: 14/14
 10183 | D:9      | Noticed Prince Ribbit
 10275 | D:9      | You fall into a shaft and drop 3 floors!
 10284 | D:11     | Noticed a cyclops
 10376 | D:12     | Noticed Maurice
 10385 | D:12     | Paralysed by something for 3 turns
 10390 | D:12     | Paralysed by something for 3 turns
 10402 | D:12     | Paralysed by something for 5 turns
 10440 | D:12     | Killed Maurice
 10442 | D:12     | Noticed a deep elf mage
 10633 | D:11     | Found a sacrificial altar of Ru.
 10702 | D:11     | Reached skill level 5 in Evocations
 11020 | D:11     | Killed a cyclops
 11120 | D:11     | Reached XP level 11. HP: 97/97 MP: 16/16
 11155 | D:10     | Entered Level 10 of the Dungeon
 11579 | D:10     | Found a staircase to the Orcish Mines.
 11580 | D:10     | Reached **** piety under Zin
 11769 | D:10     | Identified a scroll of acquirement
 11939 | D:10     | Killed an unseen horror
 12269 | D:9      | Reached skill level 10 in Axes
 12321 | D:9      | Killed Prince Ribbit
 12920 | D:10     | Found a staircase to the Lair.
 12957 | Lair:1   | Entered Level 1 of the Lair of Beasts
 13014 | Lair:1   | Identified the +8 broad axe of Courage {venom, +Rage rF++}
                  | (You acquired it on level 1 of the Lair of Beasts)
 13262 | Lair:1   | Reached skill level 10 in Fighting
 13861 | Lair:2   | Noticed an oklob plant
 13877 | Lair:2   | Reached XP level 12. HP: 87/106 MP: 16/19
 13891 | Lair:2   | Splashed by an oklob plant's acid

Levels and vault maps discovered:
D:1:      dpeg_arrival_round_c, layout_loops_corners, minmay_split_cup_small
D:2:      layout_loops_ring, chequers_ecumenical_altar_simple
D:3:      layout_basic, good_gods_mini_temple,
          gammafunk_temple_overflow_elements, gup_sewer_entry_glass,
          first_ration, lemuel_old_faithful
D:4:      cheibrodos_thug_alley, layout_gridville,
          grunt_temple_overflow_lords_of_destruction,
          minmay_temple_entry_junction, chequers_garden
D:5:      layout_basic
D:6:      layout_rooms, centaur_isle
D:7:      layout_basic, gammafunk_temple_overflow_wave, enter_ossuary_1,
          serial_shops, shop_scrolls
D:8:      kennysheep_steamy, layout_gridville, lightli_corner_chamber
D:9:      layout_irregular_city, uniq_prince_ribbit1
D:10:     layout_loops_cross, david_lair_shrubbed, david_orc_2
D:11:     layout_stronghold, portal_ice_cave_entry_pillars_1,
          serial_column_ruins, column_ruins_hut_pillars,
          column_ruins_circle_medium, column_ruins_open_small,
          column_ruins_open_small, column_ruins_grid_3,
          column_ruins_columns_straight, david_nohive_1,
          nicolae_ru_the_path_less_chosen
D:12:     layout_basic, uniq_maurice
Lair:1:   layout_concentric_octagons
Lair:2:   layout_cave_pods, dummy_spider_entry, minmay_lair_oklob_bushes,
          serial_bayou_shore_a

Skill      XL: |  1  2  3  4  5  6  7  8  9 10 11 |
---------------+----------------------------------+-----
Axes           | 3 4 5 6 8 9 10 | 10.6
Fighting       | 4 5 6 7 9 10 | 10.2
Shields        | 4 5 6 7 8 9 |  9.9
Armour         | 4 5 6 7 8 9 |  9.4
Invocations    | 1 2 4 6 7 9 |  9.5
Evocations     | 2 4 5 6 |  6.9

Action                   |  1- 3 |  4- 6 |  7- 9 | 10-12 || total
-------------------------+-------+-------+-------+-------++-------
Melee: War axe           |   152 |   174 |   408 |    81 ||   815
       Trident           |       |       |    18 |   361 ||   379
       Broad axe         |       |       |       |    78 ||    78
 Fire: Hunting sling     |       |       |    86 |     3 ||    89
Throw: Boomerang         |       |    18 |    51 |    48 ||   117
       Dart              |       |       |     4 |     3 ||     7
       Throwing net      |       |       |       |     2 ||     2
Invok: Recite            |       |     1 |     9 |     5 ||    15
       Vitalisation      |       |       |     5 |    13 ||    18
 Abil: Evoke Flight      |       |       |     7 |       ||     7
Evoke: Wand              |       |       |       |     5 ||     5
  Use: Scroll            |     4 |       |    16 |     8 ||    28
       Potion            |       |       |     5 |     1 ||     6
 Stab: Confused          |       |       |     1 |       ||     1
       Paralysed         |       |       |     1 |     1 ||     2
       Invisible         |       |       |       |     3 ||     3
  Eat: Chunk             |     2 |     7 |    21 |    22 ||    52
       Ration            |       |       |     1 |     2 ||     3
Armor: Scale mail        |    95 |    43 |    20 |       ||   158
       Chain mail        |       |    21 |   179 |       ||   200
       Plate armour      |       |       |     8 |   291 ||   299
Dodge: Dodged            |    59 |    34 |    92 |    69 ||   254
Block: Kite shield       |   103 |    99 |   219 |   292 ||   713

Table legend:
 A = Non-vault XP
 B = Vault XP
 C = Vault XP percentage of total XP
 D = Non-vault monster count
 E = Vault monster count
 F = Vault count percentage of total count
                 A         B        C        D         E       F
            +---------+---------+-------+---------+---------+-------
      Total |   15120 |    3844 |  20.3 |     300 |      81 |  21.3
            +---------+---------+-------+---------+---------+-------
        D:1 |      44 |      11 |  20.0 |      25 |       3 |  10.7
        D:2 |      75 |       0 |   0.0 |      24 |       0 |   0.0
        D:3 |     402 |      28 |   6.5 |      24 |       3 |  11.1
        D:4 |     402 |     260 |  39.3 |      36 |      12 |  25.0
        D:5 |     576 |       0 |   0.0 |      17 |       0 |   0.0
        D:6 |     839 |     682 |  44.8 |      26 |       6 |  18.8
        D:7 |     609 |       0 |   0.0 |      17 |       0 |   0.0
        D:8 |     833 |     364 |  30.4 |      18 |       2 |  10.0
        D:9 |     479 |     268 |  35.9 |      14 |       1 |   6.7
       D:10 |    3908 |     518 |  11.7 |      46 |       9 |  16.4
       D:11 |    1354 |     970 |  41.7 |      19 |      12 |  38.7
       D:12 |     936 |     505 |  35.0 |       9 |       2 |  18.2
     Lair:1 |    3702 |       0 |   0.0 |      21 |       0 |   0.0
     Lair:2 |     961 |       0 |   0.0 |       4 |       0 |   0.0
    Ossuary |       0 |     238 | 100.0 |       0 |      31 | 100.0
            +---------+---------+-------+---------+---------+-------
